 Dungeon Crawl Stone Soup version 0.29.1-12-g30fa7ad0bf (webtiles) character file.

Game seed: 475308926670061759

403 Descartes the Shield-Bearer (level 7, -9/24 (52) HPs)
             Began as a Formicid Fighter on Dec 20, 2022.
             Killed by divine providence
             ... invoked by an orc priest
              (14 damage)
             ... on level 4 of the Dungeon.
             The game lasted 00:05:57 (4041 turns).

Descartes the Shield-Bearer (Formicid Fighter)      Turns: 4041, Time: 00:05:57

HP:   -9/24 (52)    AC: 10    Str: 22    XL:     7   Next: 11%
MP:   7/7           EV:  7    Int:  8    God:
Gold: 133           SH:  5    Dex: 13    Spells: 6/6 levels left

rFire   . . .      SeeInvis +   a - +0 war axe
rCold   . . .      Faith    .   c - +0 buckler
rNeg    . . .      Spirit   .   w - +0 chain mail
rPois   .          Reflect  .   (helmet unavailable)
rElec   .          Harm     .   m - +0 cloak
rCorr   .          Rampage  .   (no gloves)
Will    .....                   (no boots)
Stlth   ..........              (no amulet)
HPRegen 0.08/turn               (no ring)
MPRegen 0.10/turn               (no ring)

@: extremely drained
A: permanent stasis, dig shafts and tunnels, antennae 3, four strong arms
a: Dig, Shaft Self


You were on level 4 of the Dungeon.
You visited 1 branch of the dungeon, and saw 4 of its levels.
You also visited: Sewer.

You collected 133 gold pieces.

Inventory:

Hand Weapons
 a - a +0 war axe (weapon)
Missiles
 j - 4 boomerangs
 A - 4 poisoned darts
Armour
 b - a +0 scale mail
 c - a +0 buckler (worn)
 i - a +0 leather armour of fire resistance
 m - a +0 cloak (worn)
 w - a +0 chain mail (worn)
Wands
 e - a wand of paralysis (7)
 s - a wand of roots (12)
Scrolls
 f - 3 scrolls of amnesia {unknown}
 k - a scroll of noise {unknown}
 l - 2 scrolls of fog {unknown}
 q - 3 scrolls of identify {unknown}
 r - a scroll of torment {unknown}
 t - a scroll of magic mapping {unknown}
 u - a scroll of brand weapon {unknown}
 v - 4 scrolls of enchant weapon {unknown}
 y - a scroll of poison {unknown}
Potions
 d - 3 potions of might
 g - a potion of flight {unknown}
 h - a potion of cancellation {unknown}
 n - 3 potions of curing {unknown}
 o - a potion of heal wounds
 p - a potion of degeneration {unknown}
 x - a potion of mutation {unknown}
 z - 2 potions of haste {unknown}


   Skills:
 - Level 3.2 Fighting
 + Level 3.6 Axes
 + Level 4.7 Armour
 + Level 5.6 Shields
 + Level 2.1 Translocations
 + Level 3.2 Evocations


You had 6 spell levels left.
You didn't know any spells.
Your spell library contained the following spells:

 Spells                   Type           Power      Damage    Failure   Level
 Magic Dart               Conj           0%         1d3       99%         1
 Sandblast                Erth           0%         2d4       99%         1
 Ensorcelled Hibernation  Hex/Ice        0%         N/A       99%         2
 Passwall                 Tmut/Erth      0%         N/A       99%         2
 Searing Ray              Conj           0%         2d4       99%         2
 Stone Arrow              Conj/Erth      0%         3d7       100%        3
 Fulminant Prism          Conj/Hex       0%         3d6       100%        4
 Swiftness                Air            Unusable   N/A       N/A         3

Dungeon Overview and Level Annotations

Branches:
Dungeon (4/15)              Sewer (visited)
 Temple: D:4-7

Altars:
Elyvilon

Shops:
D:1 *   D:4 [


Innate Abilities, Weirdness & Mutations

You cannot be hasted, slowed, berserked, paralysed or teleported.
You can dig through walls and to a lower floor.
You have a pair of large antennae on your head. (SInv)
Your four strong arms can wield two-handed weapons with a shield.


Message History

You dig through the rock wall.
You feel drained.
You dig through the rock wall.
You feel drained.
You retract your mandibles.
You extend your mandibles.
You dig through the rock wall.
You feel drained.
You dig through the rock wall.
You feel drained.
You dig through the rock wall.
You feel drained.
Done exploring.
You retract your mandibles.
You enter the shallow water.
Moving in this stuff is going to be slow.
You enter the shallow water.
Moving in this stuff is going to be slow.
There is a gate leading back out of this place here.
Welcome back to the Dungeon!
There is a collapsed entrance here.
You enter the shallow water.
Moving in this stuff is going to be slow.
You sense a monster nearby.
A - 4 poisoned darts An orc comes into view.
It is wielding a +0 whip.
The orc shouts!
You hear a shout! x2
An orc priest comes into view. It is wielding a +0 short sword.
The orc moves out of view.
There is an entrance to Oqeis's Antique Armour Boutique here.
The orc priest shouts!
You hear a shout!
An orc priest comes into view. It is wielding a +0 dagger.
The orc priest shouts!
You hear a shout!
The orc priest mumbles some strange prayers to Beogh against you.
Beogh smites you!
Ouch! That really hurt!
The orc priest calls down the wrath of Beogh upon you.
Pain shoots through your body!
* * * LOW HITPOINT WARNING * * *
There is an entrance to Oqeis's Antique Armour Boutique here.
An orc comes into view. It is wielding a +0 short sword.
The orc priest calls down the wrath of Beogh upon you.
Beogh smites you!
Ouch! That really hurt!
You die... ##.####.# # .oo

##.# #.# #. #o# # ##.####.###
#.##.##.# ##.#......#
#.......# ...#.##.#.#
###∩.######## ####.##.#.#
#o.#.~~~~.# ##.##.#.#
#..#~~~~..#
###.......######..#~~~~..####
..........##....@.#÷÷........
##..#.#...........#÷........#
##..#†....##...........#.##.#
..........######<..#####.# .
##..#.....# #...# #
##........# #...# ...###.####
#>..# #### #.# ...## ..####.#
###.#


You could see an orc priest and an orc.

Vanquished Creatures
  A black bear (D:4)
  A necrophage (D:4)
  A scorpion (D:2)
  Terence (D:2)
  3 adders
  4 river rats
  2 worms (D:2)
  2 dart slugs
  6 orcs (D:3)
  An endoplasm (D:3)
  12 giant cockroaches
  5 goblins
  5 hobgoblins
  4 jackals (D:1)
  4 quokkas
  11 ball pythons
  5 bats
  10 frilled lizards
  8 kobolds
  15 rats
101 creatures vanquished.

Vanquished Creatures (others)
  A bat (D:3)
1 creature vanquished.

Grand Total: 102 creatures vanquished

Notes
Turn   | Place    | Note
-------+----------+-------------------------------------------
     0 | D:1      | Descartes the Formicid Fighter began the quest for the Orb.
     0 | D:1      | Reached XP level 1. HP: 18/18 MP: 1/1
    95 | D:1      | Found Caaf's General Store.
   114 | D:1      | Reached XP level 2. HP: 24/24 MP: 2/2
   355 | D:1      | Found a faded altar of an unknown god.
   360 | D:1      | Reached skill level 1 in Evocations
   415 | D:1      | Reached XP level 3. HP: 28/29 MP: 3/3
   818 | D:2      | Noticed a scorpion
   828 | D:2      | Killed a scorpion
   829 | D:2      | Reached XP level 4. HP: 17/35 MP: 4/4
  1005 | D:2      | Noticed Terence
  1017 | D:2      | Killed Terence
  1018 | D:2      | Reached skill level 1 in Translocations
  1018 | D:2      | Reached XP level 5. HP: 18/41 MP: 5/5
  2222 | D:3      | Reached skill level 5 in Shields
  2512 | D:3      | Found a white marble altar of Elyvilon.
  2916 | D:4      | Noticed a black bear
  2925 | D:4      | Killed a black bear
  2926 | D:4      | Reached XP level 6. HP: 41/47 MP: 6/6
  3038 | D:4      | Found Oqeis's Antique Armour Boutique.
  3042 | D:4      | Found a glowing drain.
  3069 | Sewer    | Entered a sewer
  3468 | Sewer    | Reached XP level 7. HP: 48/52 MP: 7/7
  4041 | D:4      | Killed from afar by an orc priest

Illustrated notes

Levels and vault maps discovered:
D:1:      dpeg_arrival_erosion, layout_basic,
          ebering_ecumenical_altar_sacrificial, serial_shops, shop_statue,
          kennysheep_small_spiral
D:2:      layout_loops_ring, uniq_terence
D:3:      minmay_roachtagon, layout_loops_ring, elyvilon_altar_4,
          mrwooster_statue_mirror, minmay_pentangle
D:4:      layout_loops_cross, portal_sewer_entry_b, serial_shops, shop, shop,
          shop, nicolae_shop_behind_doors, nicolae_diamond_shop

Skill      XL: |  1  2  3  4  5  6 |
---------------+-------------------+-----
Evocations     | 1 2 3 |  3.2
Armour         | 4 |  4.7
Translocations | 1 2 |  2.1
Axes           | 3 |  3.6
Shields        | 5 |  5.6
Fighting       | |  3.2

Action                   |  1- 3 |  4- 6 |  7- 9 || total
-------------------------+-------+-------+-------++-------
Melee: War axe           |    56 |   201 |    56 ||   313
 Abil: Dig               |       |       |     3 ||     3
Armor: Scale mail        |    31 |    65 |       ||    96
       Chain mail        |       |    45 |    36 ||    81
Dodge: Dodged            |    42 |   105 |    20 ||   167
Block: Buckler           |    20 |    55 |    11 ||    86
